 Dungeon Crawl Stone Soup version 0.21-a0-286-g6fcecc0 (webtiles) character file.

359 tidbits the Insei (level 6, -3/47 HPs)
             Began as a Demigod Transmuter on Sept 25, 2017.
             Slain by Menkaure (20 damage)
             ... on level 4 of the Dungeon.
             The game lasted 00:10:27 (955 turns).

tidbits the Insei (Demigod Transmuter)               Turns: 955, Time: 00:10:28

Health: -3/47      AC:  5    Str: 13    XL:     6   Next: 14%
Magic:  6/12       EV: 13    Int: 21    God:
Gold:   123        SH:  0    Dex: 18    Spells: 4/10 levels left

rFire    + . .     SeeInvis .     - Unarmed
rCold    . . .     Gourm    .   (no shield)
rNeg     . . .     Faith    .   b - +0 robe
rPois    .         Spirit   .   (no helmet)
rElec    .         Reflect  .   (no cloak)
rCorr    .         Harm     .   G - +2 pair of gloves
MR       .....                  (no boots)
Stlth    +.........             (no amulet)
HPRegen  0.15/turn              p - ring of flight
MPRegen  0.13/turn              r - ring of loudness (curse)

@: berserk cooldown, very slightly contaminated, slowed, very slow
A: clever 1, fire resistance 1, high mp 1
a: Evoke Flight


You were on level 4 of the Dungeon.
You were not hungry.

You visited 1 branch of the dungeon, and saw 4 of its levels.

You collected 123 gold pieces.

Inventory:

Hand Weapons
 h - a +0 hunting sling
Missiles
 a - 27 arrows
 g - 35 stones (quivered)
 l - a throwing net {!f}
 s - 11 sling bullets
Armour
 b - a +0 robe (worn)
 m - a cursed -1 leather armour
 n - a +0 buckler
 G - a +2 pair of gloves (worn)
Jewellery
 p - a ring of flight (left hand)
   (You found it on level 1 of the Dungeon)
 r - a cursed ring of loudness (right hand)
   (You found it on level 2 of the Dungeon)
Scrolls
 i - a scroll of magic mapping
 j - a scroll of immolation {unknown}
 k - a scroll of teleportation {unknown}
Potions
 o - 2 potions of curing
Books
 c - a book of Changes

   Spells                             Type                      Level
   a - Beastly Appendage              Transmutation                1
   b - Sticks to Snakes               Transmutation                2
   c - Spider Form                    Transmutation/Poison         3
   d - Ice Form                       Ice/Transmutation            4
   e - Blade Hands                    Transmutation                5
Comestibles
 d - 2 bread rations
 f - a meat ration
 q - a royal jelly


   Skills:
 + Level 1.2 Fighting
 + Level 2.0 Dodging
 * Level 4.6 Unarmed Combat
 - Level 2.5 Spellcasting
 + Level 4.1 Transmutations


You had 4 spell levels left.
You knew the following spells:

 Your Spells              Type           Power        Failure   Level  Hunger
e - Beastly Appendage     Tmut           ###...       2%          1    None
k - Sticks to Snakes      Tmut           ###.....     3%          2    ##.....
p - Spider Form           Tmut/Pois      ##........   19%         3    ###....


Dungeon Overview and Level Annotations

Branches:
Dungeon (4/15)
 Temple: D:4-7

Annotations:
D:4 Menkaure


Innate Abilities, Weirdness & Mutations

You have an increased reservoir of magic. (+10% MP)
Your mind is acute. (Int +2)
Your flesh is heat resistant. (rF+)


Message History

a flail; an orc corpse; a rat corpse Butcher an orc corpse? [(y)es/(c)hoosy/(n)o/(a)ll/(e)dible/(q)uit/?]
Butcher a rat corpse? [(y)es/(c)hoosy/(n)o/(a)ll/(e)dible/(q)uit/?]
Okay, then.
You butcher the orc corpse.
u - a chunk of flesh
Things that are here:
a flail; an orc skeleton; a rat corpse Unknown command.
Okay, then.
Your transformation has ended.
Your +2 pair of gloves unmelds from your body.
Your +0 robe unmelds from your body.
Found 14 gold pieces.
A giant cockroach comes into view.
You see here 14 gold pieces.
Casting: Sticks to Snakes
Confirm with . or Enter, or press ? or * to list all spells.
You miscast Spider Form.
You are very lightly contaminated with residual magic.
Your hair momentarily turns into snakes!
You are feeling hungry.
Casting: Spider Form
Confirm with . or Enter, or press ? or * to list all spells.
You miscast Spider Form.
Your hair momentarily turns into snakes!
Casting: Spider Form
Confirm with . or Enter, or press ? or * to list all spells.
You turn into a venomous arachnid creature.
Your +2 pair of gloves melds into your body.
Your +0 robe melds into your body.
The giant cockroach closely misses you. The giant cockroach bites you.
You hit the giant cockroach but do no damage.
The giant cockroach barely misses you.
You hit the giant cockroach but do no damage.
The giant cockroach is poisoned.
The giant cockroach bites you but does no damage.
You hit the giant cockroach.
The giant cockroach looks as sick as possible!
The giant cockroach is severely wounded.
The giant cockroach closely misses you.
You hit the giant cockroach but do no damage.
The giant cockroach looks as sick as possible!
The giant cockroach is severely wounded.
You kill the giant cockroach!
You now have 123 gold pieces (gained 14).
Eat a chunk of flesh? (ye/n/q)
You eat the chunk of flesh.
This raw flesh tastes terrible.
Your transformation is almost over.
Your transformation has ended.
Your +2 pair of gloves unmelds from your body.
Your +0 robe unmelds from your body.
Your magical contamination has completely faded away.
There is a stone staircase leading down here.
You climb downwards.
There is a stone staircase leading up here.
Unknown command.
A frilled lizard and Menkaure come into view.
Menkaure shouts!
The frilled lizard hisses angrily.
Okay, then.
It was a potion of berserk rage.
A red film seems to cover your vision as you go berserk!
You feel yourself moving faster!
You feel mighty!
You feel a strong urge to attack something.
Menkaure mumbles some strange words.
Menkaure seems to speed up.
You punch the frilled lizard!
You kill the frilled lizard!
You feel a strong urge to attack something.
Menkaure barely misses you.
You punch Menkaure!
Menkaure is moderately damaged.
Menkaure hits you!
You barely miss Menkaure.
Menkaure is moderately damaged.
You punch Menkaure!
Menkaure is severely damaged.
You are no longer berserk.
You pass out from exhaustion.
You feel yourself slow down. Menkaure hits you but does no damage.
Menkaure hits you!
You can move again.
Casting: Spider Form
Confirm with . or Enter, or press ? or * to list all spells.
You miscast Spider Form.
You are very lightly contaminated with residual magic.
You feel weak for a moment.
Menkaure calls on the powers of darkness!
Your body is wracked with pain!
* * * LOW HITPOINT WARNING * * *
Menkaure barely misses you.
You feel much better. Menkaure hits you!!
Menkaure points at you and mumbles some strange words.
Pain shoots through your body!
* * * LOW HITPOINT WARNING * * *
Casting: Spider Form
Confirm with . or Enter, or press ? or * to list all spells.
You miscast Spider Form.
You feel faint for a moment. Menkaure hits you!!
You die...

,,,*,,,** ###...#*,,,,,*
,,,,,,,,* ##.....#**,,,,**
*** *******,*
####......##***,,,***,*
,,,,,,,,###..........#
**,,**,**
******,,.........##..##
**,,,,*
,,,,,,,,.........*#...##
**,,,*
,****,,,........###.<..##
**,**
,,,,,,,,.........##.....##
***
,,**,,,,....###M@........#*
,,,,,,,,.****
##..........#** ,****,,,,*
##...........* ,,,,,,,,,*
*............* ******,,,**
*#..###....###* ,,,,,,,,,,*
**..## *#..##
*******,*,****..#* **.##
,,,,,,,,*,,**..#* *,,#
,,*,,*****,*,..* *,**


You could see Menkaure.

Vanquished Creatures
  Grinder (D:3)
  2 orc wizards (D:3)
  An orc priest (D:3)
  Terence (D:3)
  An adder (D:2)
  A worm (D:3)
  A dart slug (D:2)
  A leopard gecko (D:1)
  5 orcs
  2 giant cockroaches
  3 goblins
  2 hobgoblins
  6 bats
  3 frilled lizards
  3 kobolds
  4 rats (D:3)
37 creatures vanquished.

Vanquished Creatures (collateral kills)
  A bullfrog (D:3)
  A goblin (D:3)
  A kobold (D:3)
3 creatures vanquished.

Grand Total: 40 creatures vanquished

Notes
Turn   | Place    | Note
-------+----------+-------------------------------------------
     0 | D:1      | tidbits the Demigod Transmuter began the quest for the Orb.
     0 | D:1      | Reached XP level 1. HP: 15/15 MP: 5/5
    92 | D:1      | Reached skill level 2 in Transmutations
   155 | D:2      | Reached XP level 2. HP: 20/22 MP: 5/7
   185 | D:2      | Learned a level 2 spell: Sticks to Snakes
   208 | D:2      | Reached skill level 3 in Unarmed Combat
   208 | D:2      | Reached skill level 2 in Spellcasting
   358 | D:2      | Gained mutation: Your flesh is heat resistant. (rF+) [potion of mutation]
   358 | D:2      | Gained mutation: Your mind is acute. (Int +2) [potion of mutation]
   493 | D:2      | Reached XP level 3. HP: 24/27 MP: 4/8
   498 | D:2      | Learned a level 3 spell: Spider Form
   529 | D:3      | Noticed a bullfrog
   538 | D:3      | Killed a bullfrog
   539 | D:3      | Noticed Terence
   547 | D:3      | Killed Terence
   547 | D:3      | Reached skill level 3 in Transmutations
   547 | D:3      | Reached XP level 4. HP: 21/34 MP: 1/10
   577 | D:3      | Noticed Grinder
   624 | D:3      | Killed Grinder
   624 | D:3      | Reached skill level 4 in Unarmed Combat
   624 | D:3      | Reached skill level 4 in Transmutations
   624 | D:3      | Reached XP level 5. HP: 26/39 MP: 1/11
   644 | D:3      | Reached skill level 1 in Fighting
   758 | D:3      | Reached XP level 6. HP: 19/47 MP: 4/12
   835 | D:3      | Reached skill level 2 in Dodging
   937 | D:4      | Noticed Menkaure
   955 | D:4      | Slain by Menkaure

Vault maps used:
D:1:      tarquinn_simple_flora_water_e, kennysheep_nondescript
D:2:      first_bread, hangedman_abyss_or_decor_stabs
D:3:      uniq_terence, uniq_grinder
D:4:      minmay_misc_feat_more_columns, uniq_eustachio, uniq_menkaure,
          uniq_ijyb

Skill      XL: |  1  2  3  4  5  6 |
---------------+-------------------+-----
Transmutations | 2 3 4 |  4.1
Unarmed Combat | 3 4 |  4.6
Spellcasting   | 2 |  2.5
Fighting       | 1 |  1.2
Dodging        | 2 |  2.0

Action                   |  1- 3 |  4- 6 || total
-------------------------+-------+-------++-------
Melee: Unarmed           |    68 |    49 ||   117
       Kick              |     8 |     3 ||    11
       Headbutt          |     7 |     2 ||     9
       Punch             |     1 |     1 ||     2
 Cast: Beastly Appendage |    15 |     3 ||    18
       Sticks to Snakes  |     5 |     5 ||    10
       Spider Form       |     1 |     4 ||     5
  Use: Scroll            |     2 |     1 ||     3
       Potion            |     1 |     5 ||     6
 Stab: Sleeping          |     1 |       ||     1
       Distracted        |       |     1 ||     1
  Eat: Chunk             |       |     2 ||     2
Armor: Robe              |    20 |     6 ||    26
       Skin              |       |     1 ||     1
Dodge: Dodged            |    41 |    48 ||    89

Table legend:
 A = Spawn XP
 B = Non-spawn XP
 C = Spawn XP percentage of total XP
 D = Spawn monster count
 E = Non-spawn monster count
 F = Spawn count percentage of total count
 G = Total turns spent on level
                    A         B        C        D         E        F      G
               +---------+---------+-------+---------+---------+-------+---------
         Total |       0 |     513 |   0.0 |       0 |      40 |   0.0 |   955
               +---------+---------+-------+---------+---------+-------+---------
           D:1 |       0 |      11 |   0.0 |       0 |       8 |   0.0 |   196
           D:2 |       0 |      24 |   0.0 |       0 |       7 |   0.0 |   228
           D:3 |       0 |     474 |   0.0 |       0 |      23 |   0.0 |   487
           D:4 |       0 |       4 |   0.0 |       0 |       2 |   0.0 |    44
               +---------+---------+-------+---------+---------+-------+---------

Table legend:
 A = Turns spent in this place as a percentage of turns spent in the entire game.
 B = Non-inter-level travel turns spent in this place as a percentage of non-inter-level travel turns spent in the entire game.
 C = Inter-level travel turns spent in this place as a percentage of turns spent in this place.
 D = Turns resting spent in this place as a percentage of non-inter-level travel turns spent in this place.
 E = Turns spent auto-exploring this place as a percentage of non-inter-level travel turns spent in this place.
 F = Non-inter-level travel turns spent in this place divided by the number of levels of this place that you've seen.
                   A       B       C       D       E      F
               +-------+-------+-------+-------+-------+----------------------
         Total | 100.0 | 100.0 |   1.2 |   0.0 |   0.0 | 236.0
       Dungeon | 100.0 | 100.0 |   1.2 |   0.0 |   0.0 | 236.0
               +-------+-------+-------+-------+-------+----------------------

Table legend:
 A = Kills in this place as a percentage of kills in entire the game.
 B = Kills by you in this place as a percentage of kills by you in the entire game.
 C = Kills by friends in this place as a percentage of kills by friends in the entire game.
 D = Other kills in this place as a percentage of other kills in the entire game.
 E = Experience gained in this place as a percentage of experience gained in the entire game.
 F = Experience gained in this place divided by the number of levels of this place that you have seen.
                   A       B       C       D       E      F
               +-------+-------+-------+-------+-------+----------------------
         Total | 100.0 | 100.0 | 100.0 |   N/A | 100.0 | 128.2
       Dungeon | 100.0 | 100.0 | 100.0 |   N/A | 100.0 | 128.2
               +-------+-------+-------+-------+-------+----------------------

Vault maps used:
D:1:      tarquinn_simple_flora_water_e, kennysheep_nondescript
D:2:      first_bread, hangedman_abyss_or_decor_stabs
D:3:      uniq_terence, uniq_grinder
D:4:      minmay_misc_feat_more_columns, uniq_eustachio, uniq_menkaure,
          uniq_ijyb
